Map: Galactic Process LE

Players

Perceptor

  • Race: Protoss Protoss
  • League: Diamond

Aummadour - Winner!

  • Race: Terran Terran
  • League: Platinum

VOD

Have the link to the VOD?

Description

Time

  • Played on: July 24, 2016, 4:20 p.m.
  • Length: 9:55
Show
View Real Time Build Order
Export as new Build Order

Perceptor Protoss 

Build Orders: 1 Gate Expand, Oracle Opening, Zealot Archon 

Get SALT Encoding   

  12  0:01  Probe (Chrono Boost)  
  13  0:11  Probe (Chrono Boost)  
  14  0:18  Pylon  
  14  0:22  Probe (Chrono Boost)  
  15  0:37  Probe (Chrono Boost)  
  15  0:38  Gateway  
  16  0:44  Assimilator  
  16  0:47  Probe (Chrono Boost)  
  17  0:59  Probe (Chrono Boost)  
  18  1:09  Probe (Chrono Boost)  
  19  1:25  Nexus  
  19  1:41  Cybernetics Core  
  19  1:43  Probe (Chrono Boost)  
  20  1:55  Probe (Chrono Boost)  
  20  1:59  Pylon  
  21  2:02  Assimilator  
  21  2:06  Probe (Chrono Boost)  
  22  2:16  Probe (Chrono Boost)  
  22  2:18  Warp Gate  
  22  2:20  Adept  
  25  2:27  Probe (Chrono Boost)  
  26  2:38  Stargate  
  26  2:40  Probe (Chrono Boost)  
  26  2:42  Probe (Chrono Boost)  
  28  2:50  Probe (Chrono Boost)  
  28  2:51  Adept  
  31  2:55  Probe (Chrono Boost)  
  32  2:59  Assimilator  
  32  3:09  Probe (Chrono Boost)  
  33  3:14  Gateway  
  33  3:19  Pylon  
  33  3:23  Probe (Chrono Boost)  
  33  3:26  Oracle  
  37  3:44  Probe (Chrono Boost)  
  37  3:47  Probe (Chrono Boost)  
  37  3:51  Twilight Council  
  37  3:53  Pylon  
  39  3:56  Mothership Core (Chrono Boost)  
  39  3:59  Probe (Chrono Boost)  
  40  4:07  Phoenix  
  42  4:10  Probe (Chrono Boost)  
  43  4:19  Gateway  
  43  4:21  Gateway  
  43  4:25  Probe (Chrono Boost)  
  43  4:26  Probe (Chrono Boost)  
  43  4:28  Stalker  
  47  4:32  Assimilator  
  47  4:40  Stalker  
  47  4:44  Charge  
  46  4:54  Probe (Chrono Boost)  
  46  4:59  Probe (Chrono Boost)  
  48  5:07  Forge, Probe (Chrono Boost)  
  49  5:10  Templar Archives  
  49  5:16  Forge  
  49  5:22  Probe (Chrono Boost)  
  49  5:25  Stalker  
  49  5:28  Pylon  
  52  5:32  Probe (Chrono Boost)  
  53  5:38  Protoss Ground Weapons Level 1  
  53  5:43  Probe (Chrono Boost)  
  53  5:45  Protoss Ground Armor Level 1  
  53  5:47  Pylon, Probe (Chrono Boost)  
  55  5:51  High Templar  
  55  5:52  High Templar, Zealot  
  55  5:53  Zealot  
  55  5:56  Archon  
  63  6:07  Nexus  
  63  6:16  Pylon  
  63  6:17  Probe (Chrono Boost)  
  64  6:24  Pylon  
  64  6:29  Probe (Chrono Boost)  
  65  6:34  Zealot x4  
  73  6:44  Psionic Storm  
  73  6:45  Probe x2 (Chrono Boost)  
  76  7:01  Zealot, Probe (Chrono Boost)  
  76  7:02  Zealot x3  
  76  7:05  Probe (Chrono Boost)  
  85  7:16  Phoenix  
  85  7:20  Protoss Ground Weapons Level 2  
  85  7:21  Probe (Chrono Boost)  
  85  7:22  Pylon  
  88  7:24  High Templar  
  88  7:25  High Templar x3  
  88  7:27  Protoss Ground Armor Level 2  
  96  7:35  Probe (Chrono Boost)  
  96  7:36  Assimilator  
  97  7:40  Assimilator  
  97  7:49  Phoenix  
  99  7:57  Probe (Chrono Boost)  
  100  8:01  Robotics Facility  
  100  8:08  Probe (Chrono Boost)  
  100  8:09  Probe (Chrono Boost)  
  102  8:18  Probe (Chrono Boost)  
  104  8:21  Probe (Chrono Boost)  
  104  8:36  Probe (Chrono Boost)  
  104  8:38  Fleet Beacon  
  105  8:41  Stargate  
  105  9:22  Observer  
  105  9:23  Archon  
  76  9:36  Zealot x4  
Show
View Real Time Build Order
Export as new Build Order

Aummadour Terran - Winner!

Build Orders: MMM Bio 

Get SALT Encoding   

  12  0:00  SCV  
  13  0:13  SCV  
  14  0:17  Supply Depot  
  14  0:25  SCV  
  15  0:39  SCV  
  15  0:40  Barracks  
  16  0:45  Refinery  
  16  0:51  SCV  
  17  1:03  SCV  
  18  1:15  SCV  
  19  1:27  Orbital Command  
  19  1:28  Marine  
  20  1:51  Command Center  
  20  1:53  Barracks Tech Lab  
  20  2:01  Factory  
  20  2:06  SCV  
  21  2:15  Supply Depot  
  21  2:18  SCV  
  21  2:22  Refinery  
  22  2:25  Barracks Tech Lab  
  22  2:30  SCV  
  23  2:43  SCV  
  24  2:44  Marine, Stimpack  
  25  3:03  Orbital Command  
  25  3:05  Marine  
  25  3:06  Cyclone  
  30  3:14  SCV  
  31  3:25  Marine  
  31  3:27  SCV  
  31  3:42  Cyclone  
  31  3:46  SCV  
  35  3:49  SCV  
  36  3:57  Marine  
  36  3:58  SCV  
  36  4:01  SCV  
  39  4:05  Supply Depot  
  39  4:10  SCV  
  39  4:12  Supply Depot  
  39  4:13  SCV  
  39  4:14  Marine  
  42  4:22  SCV  
  43  4:30  SCV  
  44  4:31  Barracks  
  44  4:32  Barracks, Marine  
  44  4:33  Factory Reactor  
  44  4:34  SCV  
  46  4:40  Engineering Bay  
  46  4:42  SCV  
  47  4:47  SCV  
  47  4:50  Marine  
  49  4:54  SCV  
  49  4:57  Combat Shields  
  49  4:59  SCV  
  51  5:06  SCV  
  52  5:07  Terran Infantry Weapons Level 1  
  52  5:08  Marine  
  52  5:09  Missile Turret  
  52  5:11  SCV  
  52  5:12  Missile Turret  
  52  5:13  Refinery  
  54  5:18  SCV  
  55  5:21  Marine  
  55  5:23  SCV  
  55  5:26  Marine  
  58  5:29  Concussive Shells  
  58  5:30  SCV  
  58  5:33  Marine x2  
  58  5:35  SCV  
  62  5:42  Starport  
  62  5:44  Supply Depot  
  62  5:49  Marine  
  67  5:50  Marauder, SCV x2  
  67  5:53  Refinery  
  67  5:54  Factory Reactor  
  67  5:55  Marine x2  
  69  6:06  Ghost Academy  
  69  6:07  Marine  
  72  6:11  Marauder  
  72  6:13  Marine x2  
  72  6:15  Barracks  
  74  6:21  Supply Depot, Barracks  
  76  6:26  Marauder  
  76  6:27  Supply Depot  
  78  6:33  Marauder  
  78  6:37  Personal Cloaking  
  78  6:46  Ghost  
  80  6:53  Ghost  
  82  6:58  Marine  
  82  6:59  Marine  
  82  7:00  Medivac  
  86  7:02  Medivac  
  86  7:08  Barracks Tech Lab  
  88  7:09  Barracks Reactor  
  88  7:15  Marine  
  89  7:17  Terran Infantry Armor Level 1  
  89  7:19  Armory  
  89  7:22  Engineering Bay  
  91  7:23  Marauder  
  91  7:24  Supply Depot  
  91  7:29  Marine x2  
  94  7:30  Marauder  
  94  7:33  Marauder  
  94  7:34  Supply Depot  
  97  7:40  SCV x2  
  101  7:44  Marauder  
  101  7:47  Marine x2  
  101  7:50  Supply Depot  
  105  7:51  Marauder  
  105  8:00  Supply Depot  
  105  8:02  Command Center  
  105  8:06  Medivac  
  105  8:08  Medivac  
  109  8:23  Supply Depot  
  109  8:29  Marauder x3, Marine  
  109  8:30  Marine  
  117  8:36  Medivac  
  119  8:41  Medivac  
  119  8:46  Supply Depot  
  120  8:50  Marauder, Marine x3  
  120  8:51  Marine x2  
  112  9:24  Marauder, Marine  
  112  9:25  Marauder x2, Marine x3  
Tags
 
Add a new tag
Caveats
  • Supply blocks, unpowered buildings, or Contaminate may cause inaccurate times.
  • Supply counts are checked every 10 seconds.